MID
GREENVILLE DRIVE @ LAKE COUNTY CAPTAINS
06/02/2048
 
TOP OF THE 1ST
Greenville Drive batting - Pitching for Lake County Captains : RHP Jose Esteban
Pitching: RHP Jose Esteban
Batting: RHB Tony Nunez 0-0: SINGLE (Line Drive, 78S, EV 91.9 MPH)
Batting: LHB Danny Montoya 0-0: Ball
1-0: Swinging Strike
1-1: Ball
2-1: Ground out 4-3 (Groundball, 34D, EV 96.9 MPH)
Tony Nunez to second
Batting: LHB Carlos Guerra 0-0: Called Strike
0-1: Ball
1-1: Foul Ball, location: 2F
1-2: Ball
2-2: Strikes out looking
Batting: RHB Alex Cardenas 0-0: Ball
1-0: Ball
2-0: Ball
3-0: Base on Balls
Batting: LHB Kevin Rolison 0-0: Called Strike
0-1: Swinging Strike
0-2: Ball
1-2: Strikes out swinging
Top of the 1st over - 0 runs, 1 hit, 0 errors, 2 left on base; Greenville 0 - Lake County 0
BOTTOM OF THE 1ST
Lake County Captains batting - Pitching for Greenville Drive : RHP Su-wu Yang
Pitching: RHP Su-wu Yang
Batting: RHB George Wagner 0-0: Ball
1-0: Fly out, F8 (Flyball, 8LD, EV 103.8 MPH)
Batting: RHB Chris Diaz 0-0: Ball
1-0: Called Strike
1-1: Foul Ball, location: 2F
1-2: Ball
2-2: SINGLE (Groundball, 6D, EV 106.9 MPH)
Batting: RHB Josh Patterson 0-0: Called Strike
0-1: Foul Ball, location: 2F
0-2: Foul Ball, location: 2F
0-2: Grounds into double play, 4-6-3 (Groundball, 4MS, EV 91.9 MPH)
Bottom of the 1st over - 0 runs, 1 hit, 0 errors, 0 left on base; Greenville 0 - Lake County 0
TOP OF THE 2ND
Greenville Drive batting - Pitching for Lake County Captains : RHP Jose Esteban
Batting: RHB Bobby Schimke 0-0: Ball
1-0: Ground out 4-3 (Groundball, 4, EV 103.1 MPH)
Batting: RHB Ted Emmerich 0-0: Called Strike
0-1: Ground out 1-3 (Groundball, 34S, EV 68.1 MPH)
Batting: RHB Paul Long 0-0: Called Strike
0-1: Called Strike
0-2: Ball
1-2: Ball
2-2: Ground out 1-3 (Groundball, 13S, EV 75.6 MPH)
Top of the 2nd over - 0 runs, 0 hits, 0 errors, 0 left on base; Greenville 0 - Lake County 0
BOTTOM OF THE 2ND
Lake County Captains batting - Pitching for Greenville Drive : RHP Su-wu Yang
Batting: LHB Jeff Palmowski 0-0: Ball
1-0: Called Strike
1-1: Foul Ball, location: 2F
1-2: Foul Ball, location: 2F
1-2: Strikes out swinging
Batting: RHB Adam McMillen 0-0: Called Strike
0-1: Swinging Strike
0-2: Ball
1-2: Strikes out looking
Batting: LHB Aaron Caron 0-0: Ball
1-0: Ball
2-0: Ball
3-0: Base on Balls
Batting: LHB Brandon Hopper 0-0: Called Strike
0-1: SINGLE (Groundball, 6MD, EV 105.0 MPH) (infield hit)
Aaron Caron to second
Batting: RHB John Bianconi 0-0: Foul Ball, location: 2F
0-1: Ball
1-1: SINGLE (Line Drive, 89S, EV 98.1 MPH)
Aaron Caron to third
Brandon Hopper to second
Runner from 3rd tries for Home, SAFE, throw by RF to home
Batting: LHB Rich Walker 0-0: Called Strike
0-1: SINGLE (Line Drive, 89M, EV 110.0 MPH)
Brandon Hopper to third
John Bianconi to second
Batting: RHB George Wagner 0-0: Called Strike
0-1: Swinging Strike
0-2: Ball
1-2: Strikes out looking
Bottom of the 2nd over - 1 run, 3 hits, 0 errors, 3 left on base; Greenville 0 - Lake County 1
TOP OF THE 3RD
Greenville Drive batting - Pitching for Lake County Captains : RHP Jose Esteban
Batting: RHB Roger Mitchell 0-0: Swinging Strike
0-1: Swinging Strike
0-2: Ball
1-2: SINGLE (Groundball, 6MD, EV 105.6 MPH)
Batting: RHB Tony Nunez 0-0: Called Strike
0-1: Ball
1-1: Foul Ball, location: 2F
1-2: Ball
2-2: Ball
3-2: Base on Balls
Roger Mitchell to second
Batting: LHB Danny Montoya 0-0: Foul Ball, location: 2F
0-1: Foul Ball, location: 2F
0-2: Fielders Choice at 2nd, 1-6 (Groundball, P, EV 61.9 MPH)
Roger Mitchell to third
Batting: LHB Carlos Guerra 0-0: Ball
1-0: Ball
2-0: Called Strike
2-1: Fly out, F8 (Flyball, 8LM, EV 95.0 MPH)
Lined into DP, 8-3 (Flyball, 8LM, EV 95.0 MPH)
Top of the 3rd over - 0 runs, 1 hit, 0 errors, 1 left on base; Greenville 0 - Lake County 1
BOTTOM OF THE 3RD
Lake County Captains batting - Pitching for Greenville Drive : RHP Su-wu Yang
Batting: RHB Chris Diaz 0-0: Called Strike
0-1: Called Strike
0-2: DOUBLE (Groundball, 5L, EV 110.0 MPH)
Batting: RHB Josh Patterson 0-0: Ball
1-0: Called Strike
1-1: Called Strike
1-2: Strikes out swinging
Batting: LHB Jeff Palmowski 0-0: Ball
1-0: Ball
2-0: Called Strike
2-1: Called Strike
2-2: Strikes out swinging
Batting: RHB Adam McMillen 0-0: Swinging Strike
0-1: Ball
1-1: Foul Ball, location: 2F
1-2: Ball
2-2: Foul Ball, location: 2F
2-2: Strikes out looking
Bottom of the 3rd over - 0 runs, 1 hit, 0 errors, 1 left on base; Greenville 0 - Lake County 1
TOP OF THE 4TH
Greenville Drive batting - Pitching for Lake County Captains : RHP Jose Esteban
Batting: RHB Alex Cardenas 0-0: Called Strike
0-1: SINGLE (Groundball, 13S, EV 65.0 MPH) (infield hit)
Batting: LHB Kevin Rolison 0-0: DOUBLE (Flyball, 78D, EV 95.6 MPH)
Alex Cardenas to third
Batting: RHB Bobby Schimke 0-0: Called Strike
0-1: Ground out U3 (Groundball, 3, EV 107.5 MPH)
Batting: RHB Ted Emmerich 0-0: Called Strike
0-1: Ball
1-1: Foul Ball, location: 2F
1-2: Strikes out swinging
Batting: RHB Paul Long 0-0: Ball
1-0: Called Strike
1-1: Fly out, F7 (Flyball, 7S, EV 86.9 MPH)
Top of the 4th over - 0 runs, 2 hits, 0 errors, 2 left on base; Greenville 0 - Lake County 1
BOTTOM OF THE 4TH
Lake County Captains batting - Pitching for Greenville Drive : RHP Su-wu Yang
Batting: LHB Aaron Caron 0-0: Fly out, F1 (Line Drive, P, EV 70.0 MPH)
Batting: LHB Brandon Hopper 0-0: Ball
1-0: Ball
2-0: Fly out, F8 (Line Drive, 8RD, EV 86.2 MPH)
Batting: RHB John Bianconi 0-0: Ball
1-0: Ball
2-0: Called Strike
2-1: Foul Ball, location: 2F
2-2: Strikes out swinging
Bottom of the 4th over - 0 runs, 0 hits, 0 errors, 0 left on base; Greenville 0 - Lake County 1
TOP OF THE 5TH
Greenville Drive batting - Pitching for Lake County Captains : RHP Jose Esteban
Batting: RHB Roger Mitchell 0-0: Fly out, F8 (Line Drive, 8RM, EV 88.8 MPH)
Batting: RHB Tony Nunez 0-0: Called Strike
0-1: SOLO HOME RUN (Flyball, 7D, EV 99.4 MPH), Distance : 401 ft
Batting: LHB Danny Montoya 0-0: Swinging Strike
0-1: Ball
1-1: Ball
2-1: Ground out 4-3 (Groundball, 4, EV 90.6 MPH)
Batting: LHB Carlos Guerra 0-0: Ball
1-0: Ball
2-0: Ball
3-0: Base on Balls
Batting: RHB Alex Cardenas 0-0: Ball
1-0: Called Strike
1-1: Called Strike
1-2: Ball
2-2: Ball
3-2: Foul Ball, location: 2F
3-2: DOUBLE (Flyball, 78XD, EV 108.1 MPH)
Carlos Guerra to third
Carlos Guerra scores
Batting: LHB Kevin Rolison 0-0: Foul Ball, location: 2F
0-1: Foul Ball, location: 2F
0-2: Strikes out looking
Top of the 5th over - 2 runs, 2 hits, 0 errors, 1 left on base; Greenville 2 - Lake County 1
BOTTOM OF THE 5TH
Lake County Captains batting - Pitching for Greenville Drive : RHP Su-wu Yang
Batting: LHB Rich Walker 0-0: Ball
1-0: Called Strike
1-1: Called Strike
1-2: Strikes out swinging
Batting: RHB George Wagner 0-0: Ball
1-0: Ball
2-0: Ground out 6-3 (Groundball, 6, EV 98.8 MPH)
Batting: RHB Chris Diaz 0-0: Called Strike
0-1: SINGLE (Groundball, 4MD, EV 98.8 MPH)
Batting: RHB Josh Patterson 0-0: Ball
1-0: Ball
2-0: Ball
3-0: Called Strike
3-1: Called Strike
3-2: Strikes out swinging
Bottom of the 5th over - 0 runs, 1 hit, 0 errors, 1 left on base; Greenville 2 - Lake County 1
TOP OF THE 6TH
Greenville Drive batting - Pitching for Lake County Captains : RHP Jose Esteban
Batting: RHB Bobby Schimke 0-0: Ball
1-0: Called Strike
1-1: Swinging Strike
1-2: Foul Ball, location: 2F
1-2: Foul Ball, location: 2F
1-2: Ball
2-2: Strikes out swinging, 2-3 out at first.
Batting: RHB Ted Emmerich 0-0: Swinging Strike
0-1: Ball
1-1: Ball
2-1: Ball
3-1: Ground out 1-3 (Groundball, 34S, EV 75.0 MPH)
Batting: RHB Paul Long 0-0: Ball
1-0: Ball
2-0: Called Strike
2-1: Ball
3-1: Foul Ball, location: 2F
3-2: Foul Ball, location: 2F
3-2: Ground out 5-3 (Groundball, 56, EV 91.2 MPH)
Top of the 6th over - 0 runs, 0 hits, 0 errors, 0 left on base; Greenville 2 - Lake County 1
BOTTOM OF THE 6TH
Lake County Captains batting - Pitching for Greenville Drive : RHP Su-wu Yang
Batting: LHB Jeff Palmowski 0-0: Ball
1-0: Ball
2-0: Fly out, F9 (Flyball, 9D, EV 99.4 MPH)
Batting: RHB Adam McMillen 0-0: DOUBLE (Line Drive, 89D, EV 106.9 MPH)
Batting: LHB Aaron Caron 0-0: Called Strike
0-1: Foul Ball, location: 2F
0-2: Strikes out looking
Batting: LHB Brandon Hopper 0-0: Ball
1-0: Fly out, F4 (Line Drive, 4, EV 66.9 MPH)
Bottom of the 6th over - 0 runs, 1 hit, 0 errors, 1 left on base; Greenville 2 - Lake County 1
TOP OF THE 7TH
Greenville Drive batting - Pitching for Lake County Captains : RHP Jose Esteban
Batting: RHB Roger Mitchell 0-0: Foul Ball, location: 2F
0-1: Called Strike
0-2: Ball
1-2: Ground out 6-3 (Groundball, 6, EV 93.1 MPH)
Pitching: LHP Troy Salzer
Batting: RHB Tony Nunez 0-0: Ball
1-0: Called Strike
1-1: Fly out, F7 (Line Drive, 78M, EV 98.1 MPH)
Batting: LHB Danny Montoya 0-0: Called Strike
0-1: Ball
1-1: Called Strike
1-2: Foul Ball, location: 2F
1-2: Ground out 3-1 (Groundball, 34S, EV 63.8 MPH)
Top of the 7th over - 0 runs, 0 hits, 0 errors, 0 left on base; Greenville 2 - Lake County 1
BOTTOM OF THE 7TH
Lake County Captains batting - Pitching for Greenville Drive : RHP Su-wu Yang
Pinch Hitting: LHB Ben Rubenacker 0-0: Foul Ball, location: 2F
0-1: Called Strike
0-2: Ground out U3 (Groundball, 23, EV 89.4 MPH)
Batting: LHB Rich Walker 0-0: Ball
1-0: Ball
2-0: Foul Ball, location: 2F
2-1: Swinging Strike
2-2: Ball
3-2: Foul Ball, location: 2F
3-2: Ground out 5-3 (Groundball, 5, EV 101.9 MPH)
Pinch Hitting: LHB John Shults 0-0: Ball
1-0: Swinging Strike
1-1: Ball
2-1: Foul Ball, location: 2F
2-2: Ball
3-2: Base on Balls
Pitching: LHP Rob Hymowitz
Batting: RHB Chris Diaz 0-0: Fielders Choice at 2nd, 5-4 (Groundball, 56, EV 85.0 MPH)
Bottom of the 7th over - 0 runs, 0 hits, 0 errors, 1 left on base; Greenville 2 - Lake County 1
TOP OF THE 8TH
Greenville Drive batting - Pitching for Lake County Captains : LHP Troy Salzer
Now at 2B: Reynaldo Herrera
Now in CF: Aaron Caron
Now in RF: John Shults
Batting: LHB Carlos Guerra 0-0: Called Strike
0-1: Foul Ball, location: 2F
0-2: Ball
1-2: Ground out 4-3 (Groundball, 4, EV 102.5 MPH)
Batting: RHB Alex Cardenas 0-0: Called Strike
0-1: Ball
1-1: Foul Ball, location: 2F
1-2: Strikes out swinging
Batting: LHB Kevin Rolison 0-0: Swinging Strike
0-1: SINGLE (Groundball, 6D, EV 98.8 MPH)
Batting: RHB Bobby Schimke 0-0: Called Strike
0-1: Foul Ball, location: 2F
0-2: Foul Ball, location: 2F
0-2: Foul Ball, location: 2F
0-2: Ball
1-2: Ball
2-2: Strikes out swinging
Top of the 8th over - 0 runs, 1 hit, 0 errors, 1 left on base; Greenville 2 - Lake County 1
BOTTOM OF THE 8TH
Lake County Captains batting - Pitching for Greenville Drive : LHP Rob Hymowitz
Batting: RHB Josh Patterson 0-0: Called Strike
0-1: Fly out, F9 (Flyball, 9LM, EV 84.4 MPH)
Batting: RHB Kenzo Shinoda 0-0: Called Strike
0-1: Ball
1-1: Ball
2-1: Ball
3-1: Base on Balls
Pinch Hitting: SHB Travis Burnett 0-0: Ground out 4-3 (Groundball, 4S, EV 60.6 MPH)
Kenzo Shinoda to second
Pinch Hitting: RHB Bill Ortiz 0-0: Ball
1-0: DOUBLE (Flyball, 8RXD, EV 98.8 MPH)
Kenzo Shinoda scores
Pinch Hitting: RHB Harris Leroux 0-0: Called Strike
0-1: Called Strike
0-2: Ball
1-2: Strikes out looking
Bottom of the 8th over - 1 run, 1 hit, 0 errors, 1 left on base; Greenville 2 - Lake County 2
TOP OF THE 9TH
Greenville Drive batting - Pitching for Lake County Captains : LHP Troy Salzer
Pitching: RHP Justin Stone
Now at SS: Jeremy Givens
Now in LF: Travis Burnett
Now in CF: Devon Grant
Pinch Hitting: SHB Robert Soto 0-0: Called Strike
0-1: Swinging Strike
0-2: Strikes out swinging
Pinch Hitting: LHB Eddie Contreras 0-0: Called Strike
0-1: Called Strike
0-2: Ground out 6-3 (Groundball, 6, EV 100.0 MPH)
Pinch Hitting: RHB Jim Hubbard 0-0: Foul Ball, location: 2F
0-1: Foul Ball, location: 2F
0-2: Ball
1-2: Ground out 4-3 (Groundball, 4S, EV 85.0 MPH)
Top of the 9th over - 0 runs, 0 hits, 0 errors, 0 left on base; Greenville 2 - Lake County 2
BOTTOM OF THE 9TH
Lake County Captains batting - Pitching for Greenville Drive : LHP Rob Hymowitz
Pitching: LHP Jason Salzer
Now at C: Robert Soto
Now at 1B: Eddie Contreras
Now at 2B: Tony Nunez
Now in LF: Kevin Rolison
Now in CF: Carlos Guerra
Now in RF: Jim Hubbard
Batting: RHB Reynaldo Herrera 0-0: Ball
1-0: Ball
2-0: Swinging Strike
2-1: Swinging Strike
2-2: Foul Ball, location: 2F
2-2: Ball
3-2: Strikes out looking
Pinch Hitting: RHB Steve Gusman 0-0: Called Strike
0-1: Ball
1-1: TRIPLE (Line Drive, 89XD, EV 101.2 MPH)
Pinch Hitting: RHB Carlos Salazar 0-0: Ball
1-0: SINGLE (Groundball, 34D, EV 100.6 MPH)
Steve Gusman scores
Bottom of the 9th over - 1 run, 2 hits, 0 errors, 1 left on base; Greenville 2 - Lake County 3
Tuesday, March 28th , 2023 - OOTP Baseball 23.10 Build 110